 Dungeon Crawl Stone Soup version 0.21-a0-52-gbf49515 (webtiles) character file.

394 xgamer67 the Cudgeler (level 6, -1/62 HPs)
             Began as an Ogre Wizard on June 14, 2017.
             Slain by a worker ant (3 damage)
             ... on level 4 of the Dungeon.
             The game lasted 00:15:30 (6370 turns).

xgamer67 the Cudgeler (Ogre Wizard)                 Turns: 6370, Time: 00:15:30

Health: -1/62      AC:  3    Str: 14    XL:     6   Next: 82%
Magic:  0/12       EV: 10    Int: 19    God:
Gold:   146        SH:  0    Dex:  7    Spells: 2/13 levels left

rFire    . . .     SeeInvis +   a - +0 whip
rCold    . . .     Gourm    .   (no shield)
rNeg     . . .     Faith    .   g - -1 robe (curse)
rPois    .         Spirit   .   b - +1 hat
rElec    .         Reflect  .   (no cloak)
rCorr    .         Harm     .   (gloves unavailable)
MR       .....                  (boots unavailable)
Stlth    +.........             (no amulet)
Regen    0.2/turn               p - ring of see invisible
MPRegen  0.2/turn               (no ring)

@: lethally poisoned (-1 -> -3), very slightly contaminated
A: unfitting armour, tough skin 1
a: no special abilities


You were on level 4 of the Dungeon.
You were not hungry.

You visited 1 branch of the dungeon, and saw 4 of its levels.

You collected 146 gold pieces.

Inventory:

Hand Weapons
 a - a +0 whip (weapon)
 s - a +0 mace
Armour
 b - a +1 hat (worn)
 g - a cursed -1 robe (worn)
 k - a +0 robe
Jewellery
 p - a ring of see invisible (left hand)
Scrolls
 m - a scroll of amnesia
 v - a scroll of magic mapping
Potions
 e - a potion of mutation {unknown}
 j - a potion of curing
 l - a potion of ambrosia
 n - a potion of resistance {unknown}
 o - a potion of invisibility {unknown}
 r - a potion of brilliance {unknown}
 t - a potion of might
 u - a potion of agility {unknown}
 w - 3 potions of flight
Books
 c - a book of Minor Magic

   Spells                             Type                      Level
   a - Magic Dart                     Conjuration                  1
   b - Blink                          Translocation                2
   c - Call Imp                       Summoning                    2
   d - Slow                           Hexes                        2
   e - Conjure Flame                  Conjuration/Fire             3
   f - Mephitic Cloud                 Conjuration/Poison/Air       3
 i - a book of Callings

   Spells                             Type                      Level
   a - Summon Small Mammal            Summoning                    1
   b - Call Imp                       Summoning                    2
   c - Call Canine Familiar           Summoning                    3
   d - Summon Guardian Golem          Hexes/Summoning              3
   e - Summon Lightning Spire         Summoning/Air                4
   f - Summon Ice Beast               Ice/Summoning                4
Comestibles
 d - 4 bread rations
 f - a meat ration
 h - 2 royal jellies
 q - 7 fruits


   Skills:
 - Level 4.0 Fighting
 * Level 4.2 Maces & Flails
 + Level 2.5 Dodging
 - Level 1.4 Stealth
 - Level 4.1 Spellcasting
 - Level 1.0 Conjurations
 - Level 1.0 Summonings
 - Level 1.0 Translocations
 - Level 1.0 Fire Magic


You had 2 spell levels left.
You knew the following spells:

 Your Spells              Type           Power        Failure   Level  Hunger
a - Magic Dart            Conj           #...         9%          1    None
b - Conjure Flame         Conj/Fire      #.......     26%         3    ###....
c - Mephitic Cloud        Conj/Pois/Air  #.......     34%         3    ###....
d - Call Imp              Summ           #.......     14%         2    ##.....
B - Blink                 Tloc           N/A          14%         2    ##.....


Dungeon Overview and Level Annotations

Branches:
Dungeon (4/15)
 Temple: D:4-7

Altars:
Fedhas
Makhleb
Nemelex Xobeh
Xom

Shops:
D:4 (

Annotations:
D:3 Sigmund


Innate Abilities, Weirdness & Mutations

You are too large for most types of armour.
You have tough skin. (AC +1)


Message History

The worker ant closely misses you.
You hit the worker ant.
The worker ant is severely wounded.
The worker ant barely misses you.
You hit the worker ant but do no damage.
The worker ant is severely wounded.
The worker ant bites you.
* * * LOW HITPOINT WARNING * * *
You are poisoned.
The worker ant poisons you!
Casting: Magic Dart
Confirm with . or Enter, or press ? or * to list all spells.
Aiming: Magic Dart
Press: ? - help, Shift-Dir - straight line, f/p - worker ant
Aim: a worker ant (severely wounded)
You miscast Magic Dart.
Wisps of smoke drift from your hands.
You feel sick. The worker ant bites you!
* * * LOW HITPOINT WARNING * * *
The worker ant bites you.
You die...

##. .###.## ......# #.
..#≈≈P # . #.##..≈≈♣≈#
.# ##.#...≈P≈≈♣ .#
.......P≈≈♣#
#.#.a..≈≈≈≈#
..####.#.@.≈P♣
...........♣≈♣
##.##..#######
#............# #.##
##[.##..###.###
..#..................#
..##...##..#...#######
..##...##..#...#
...........#...#


You could see a worker ant.

Vanquished Creatures
  A scorpion (D:4)
  A hound (D:4)
  An orc priest (D:4)
  A centaur skeleton (D:4)
  An orc wizard (D:4)
  Terence (D:3)
  An iguana (D:4)
  A gnoll (D:1)
  7 adders
  2 worms
  2 dart slugs
  4 leopard geckos
  7 orcs
  4 giant cockroaches
  8 goblins
  7 hobgoblins
  8 jackals
  9 kobolds
  2 ball pythons
  7 bats
  10 frilled lizards
  8 rats
  A toadstool (D:1)
94 creatures vanquished.

Vanquished Creatures (collateral kills)
  An adder (D:2)
1 creature vanquished.

Vanquished Creatures (others)
  3 toadstools (D:1)
3 creatures vanquished.

Grand Total: 98 creatures vanquished

Notes
Turn   | Place    | Note
-------+----------+-------------------------------------------
     0 | D:1      | xgamer67 the Ogre Wizard began the quest for the Orb.
     0 | D:1      | Reached XP level 1. HP: 16/16 MP: 5/5
   215 | D:1      | Reached skill level 1 in Fighting
   418 | D:1      | Reached XP level 2. HP: 8/29 MP: 0/6
   422 | D:1      | Learned a level 2 spell: Blink
   425 | D:1      | Learned a level 2 spell: Call Imp
   905 | D:1      | Reached XP level 3. HP: 30/37 MP: 8/8
   908 | D:1      | Reached skill level 1 in Maces & Flails
  1805 | D:1      | Learned a level 3 spell: Conjure Flame
  1828 | D:2      | Reached skill level 1 in Summonings
  1828 | D:2      | Reached XP level 4. HP: 45/45 MP: 7/9
  1892 | D:1      | Reached skill level 1 in Conjurations
  2584 | D:2      | Reached skill level 1 in Translocations
  2664 | D:2      | Found a blossoming altar of Fedhas.
  2720 | D:2      | Found a shimmering altar of Xom.
  2720 | D:2      | Found a sparkling altar of Nemelex Xobeh.
  3011 | D:3      | Noticed Terence
  3351 | D:3      | Reached XP level 5. HP: 22/53 MP: 0/10
  4060 | D:2      | Learned a level 3 spell: Mephitic Cloud
  4121 | D:3      | Found a burning altar of Makhleb.
  4121 | D:3      | Noticed a balrug
  4144 | D:3      | Noticed Sigmund
  4183 | D:3      | Killed Terence
  4183 | D:3      | Reached skill level 1 in Fire Magic
  4731 | D:4      | Reached XP level 6. HP: 23/62 MP: 2/12
  4856 | D:4      | Got a pair of heavily runed boots
  6262 | D:4      | Found Nagedeho's Weapon Boutique.
  6370 | D:4      | HP: 2/62 [worker ant (7)]
  6370 | D:4      | Slain by a worker ant

Vault maps used:
D:1:      ldierk_water_garden
D:2:      fedhas_altar_fruit_tree, gammafunk_temple_overflow_elements,
          serial_glass, glass_columns_c, glass_columns_a
D:3:      makhleb_altar_promises_db, minmay_unequal, uniq_terence, uniq_sigmund
D:4:      gup_sewer_entry_spiral, serial_shops, shop, serial_bayou,
          serial_bayou_shore_a, serial_bayou_pond_d, serial_bayou_shore_b,
          serial_bayou_shore_b, first_bread, kennysheep_boxes

Skill      XL: |  1  2  3  4  5  6 |
---------------+-------------------+-----
Fighting       | 2 3 4 |  4.0
Maces & Flails | 2 3 4 |  4.2
Summonings     | 1 |  1.0
Conjurations   | 1 |  1.0
Translocations | 1 |  1.0
Fire Magic     | 1 |  1.0
Spellcasting   | 4 |  4.1
Dodging        | 2 |  2.5
Stealth        | |  1.4

Action                   |  1- 3 |  4- 6 || total
-------------------------+-------+-------++-------
Melee: Unarmed           |    68 |       ||    68
       Whip              |   113 |   335 ||   448
 Cast: Magic Dart        |    20 |    96 ||   116
       Call Imp          |       |     2 ||     2
       Conjure Flame     |       |     1 ||     1
  Use: Scroll            |       |    12 ||    12
       Potion            |       |     4 ||     4
 Stab: Sleeping          |     1 |     2 ||     3
  Eat: Chunk             |     3 |    15 ||    18
Armor: Robe              |    48 |    71 ||   119
Dodge: Dodged            |    99 |   203 ||   302
